 Dungeon Crawl Stone Soup version 0.24.0-13-gcf9b319 (webtiles) character file.

Game seed: 2314979738289273610, levelgen mode: deterministic

28133 ubername the Fighter (level 13, -3/122 HPs)
             Began as a Minotaur Berserker on May 29, 2020.
             Was a High Priest of Trog.
             Slain by a redback (8 damage)
             ... summoned by a deep elf mage
             ... on level 14 of the Dungeon.
             The game lasted 00:36:15 (13993 turns).

ubername the Fighter (Minotaur Berserker)          Turns: 13993, Time: 00:36:16

Health: -3/122     AC: 22    Str: 25    XL:     13   Next: 8%
Magic:  13/13      EV: 14    Int:  4    God:    Trog [*****.]
Gold:   818        SH:  0    Dex:  6    Spells: 12/12 levels left

rFire    + . .     SeeInvis +   G - +7 pair of quick blades "Gyre" and "Gimble" {protect}
rCold    + . .     Gourm    .   (shield currently unavailable)
rNeg     . . .     Faith    .   t - +2 steam dragon scales
rPois    .         Spirit   .   (helmet restricted)
rElec    .         Reflect  .   r - +0 cloak of the Endless Expanse {rF+ rC+ Dex-4 SInv}
rCorr    .         Harm     .   m - +0 pair of gloves
MR       .....                  B - +0 pair of boots
Stlth    ++........             (no amulet)
HPRegen  0.30/turn              s - +3 ring of protection
MPRegen  0.13/turn              (no ring)

@: protection aura, berserk cooldown, slowed, very slow
A: retaliatory headbutt, claws 1, horns 2, screaming 1, weak 1
a: Berserk, Trog's Hand, Brothers in Arms, Renounce Religion


You were on level 14 of the Dungeon.
You worshipped Trog.
Trog was extremely pleased with you.
You were very hungry.

You visited 1 branch of the dungeon, and saw 14 of its levels.
You also visited: Ice Cave.

You collected 818 gold pieces.

Inventory:

Hand Weapons
 d - a +2 rapier of draining
 x - a +3 great sword of holy wrath
 E - a +1 dagger of draining
 G - the +7 pair of quick blades "Gyre" and "Gimble" (weapon) {protect}
   (You found it on level 7 of the Dungeon)

   It grants its wielder temporary protection when it strikes (+7 to AC).
 N - a +2 scimitar of freezing
 O - a +2 dagger of venom
Missiles
 u - 8 boomerangs (quivered)
Armour
 f - a +0 cloak
 m - a +0 pair of gloves (worn)
 r - the +0 cloak of the Endless Expanse (worn) {rF+ rC+ Dex-4 SInv}
   (You found it on level 6 of the Dungeon)

   It affects your dexterity (-4).
   It protects you from fire.
   It protects you from cold.
   It lets you see invisible.
 t - +2 steam dragon scales (worn)
 B - a +0 pair of boots (worn)
Jewellery
 s - a +3 ring of protection (left hand)
Wands
 b - a wand of iceblast (38)
 o - a wand of acid (3)
 v - a wand of polymorph (10)
 w - a wand of flame (12)
Scrolls
 g - 2 scrolls of fog
 h - 2 scrolls of blinking
 k - a scroll of fear
 l - 14 scrolls of identify
 n - 9 scrolls of teleportation
 p - 5 scrolls of remove curse
 q - 2 scrolls of enchant weapon
Potions
 a - a potion of magic
 e - 2 potions of resistance
 i - 2 potions of agility
 j - 5 potions of curing
 z - a potion of cancellation
 M - 2 potions of heal wounds
Comestibles
 c - 19 rations


   Skills:
 + Level 13.1 Fighting
 + Level 12.5(13.4) Short Blades
 + Level 9.0(12.3) Long Blades
 + Level 5.0 Throwing
 + Level 8.3 Armour
 + Level 9.2 Dodging
 + Level 4.3 Stealth
   Level 7.3 Shields
 + Level 1.7 Evocations


You had 12 spell levels left.
You didn't know any spells.
Your spell library contained the following spells:

 Spells                   Type           Power        Failure   Level  Hunger
 Corona                   Hex            #......      50%         1    ##.....
 Freeze                   Ice            #...         50%         1    ##.....
 Magic Dart               Conj           #...         50%         1    ##.....
 Blink                    Tloc           N/A          65%         2    ###....
 Call Imp                 Summ           #.......     65%         2    ###....
 Ensorcelled Hibernation  Hex/Ice        #.....       65%         2    ###....
 Slow                     Hex            #.......     65%         2    ###....
 Throw Frost              Conj/Ice       #.....       65%         2    ###....
 Confuse                  Hex            #.......     86%         3    ####...
 Conjure Flame            Conj/Fire      #.......     86%         3    ####...
 Dazzling Spray           Conj/Hex       #.....       86%         3    ####...
 Mephitic Cloud           Conj/Pois/Air  #.......     86%         3    ####...
 Ozocubu's Armour         Chrm/Ice       #.......     86%         3    ####...
 Tukima's Dance           Hex            #.......     86%         3    ####...
 Summon Ice Beast         Ice/Summ       #.......     99%         4    #####..
 Throw Icicle             Conj/Ice       #.......     99%         4    #####..


Dungeon Overview and Level Annotations

Branches:
Dungeon (14/15)            Temple (0/1) D:5            Lair (0/6) D:11
    Orc (0/2) D:9           IceCv (visited)
 Vaults: D:13-14

Altars:
Ashenzari
Cheibriados
Dithmenos
Elyvilon
Fedhas
Gozag
Kikubaaqudgha
Okawaru
Qazlal
Sif Muna
Xom
Zin

Shops:
D:4 %   D:7 %

Annotations:
D:7 2 runed translucent doors
D:14 Rupert, Urug


Innate Abilities, Weirdness & Mutations

You reflexively headbutt those who attack you in melee.
You have a pair of horns on your head.
You have sharp fingernails.
You occasionally shout uncontrollably at your foes.
You are weak. (Str -2)


Message History

Trog accepts your kill.
You feel your anger nearly subside.
You are no longer berserk.
You are exhausted.
You feel yourself slow down.
Your two-headed ogre hits the redback with a +0 giant club!!
Your two-headed ogre barely misses the redback.
The redback bites your two-headed ogre!
Your two-headed ogre looks as sick as possible!
The redback poisons your two-headed ogre!
The deep elf mage casts a spell.
Rupert hits you with a +3 battleaxe of distortion!!
* * * LOW HITPOINT WARNING * * *
Space bends around you.
* * * LOW HITPOINT WARNING * * *
The redback bites your two-headed ogre!
Your two-headed ogre dies!
Your two-headed ogre's corpse disappears in a puff of smoke!
The redback closely misses you. Rupert misses you. You furiously retaliate!
You headbutt Rupert, but do no damage. The redback bites you!
You die...

###################
.........@.........
.......s@sc........
.........ro........
.....(§sep.r.......
.......)††.........
........†...h......
....#....p...p.....
...###......p......
..# ##............


You could see Rupert (berserk), Urug, a centaur warrior, a deep elf mage, 4
humans, 3 redbacks, a howler monkey and 2 hell rats.

Vanquished Creatures
  Josephine (D:11)
  A centaur warrior (D:14)
  A queen ant (D:10)
  A two-headed ogre (D:9)
  4 skeletal warriors (D:12)
  An unseen horror (D:12)
  Pikel (D:8)
  An orc knight (D:10)
  A manticore (D:11)
  An ugly thing (D:12)
  The ghost of drfoil the Covert, a novice FeBe of Trog (D:11)
  A gargoyle (D:9)
  Psyche (D:11)
  10 freezing wraiths (IceCv)
  2 kobold demonologists
  A hornet (D:11)
  4 trolls
  Prince Ribbit (D:5)
  3 slime creatures
  4 hippogriffs
  3 wraiths (D:11)
  A wyvern (D:10)
  3 humans (D:14)
  18 yaks
  2 basilisks
  A vampire (D:11)
  2 death yak simulacra (IceCv)
  2 hungry ghosts
  Edmund (D:6)
  Menkaure (D:5)
  A steam dragon (D:10)
  3 soldier ants (D:10)
  Duvessa (D:6)
  18 ice beasts
  5 orc warriors
  3 black bears
  2 sky beasts
  2 slaves (D:8)
  An alligator simulacrum (IceCv)
  A phantom (D:14)
  11 centaurs
  7 ogres
  2 crocodiles
  2 bullfrogs
  4 big kobolds
  Blork the orc (D:5)
  4 gnoll sergeants
  Dowan (D:6)
  5 scorpions
  A water moccasin skeleton (D:11)
  An elephant simulacrum (IceCv)
  7 wights
  8 killer bees (D:10)
  4 howler monkeys
  5 crimson imps
  2 draconian simulacra (IceCv)
  A centaur zombie (D:7)
  A quasit (D:9)
  2 hounds
  4 jellies
  7 orc wizards
  4 bullfrog skeletons
  8 orc priests
  5 iguanas
  23 worker ants
  4 troll simulacra (IceCv)
  2 centaur simulacra (IceCv)
  A hound zombie (D:8)
  2 hound skeletons
  A howler monkey skeleton (D:7)
  2 worker ant zombies
  7 gnolls
  14 adders
  An ogre simulacrum (IceCv)
  6 river rats (D:6)
  2 shadow imps
  12 white imps (IceCv)
  3 oozes
  An adder zombie (D:7)
  A worm (D:2)
  4 leopard geckos
  44 orcs
  5 bats
  7 giant cockroaches
  9 goblins
  10 hobgoblins
  3 jackals (D:7)
  10 kobolds
  8 quokkas
  A ball python (D:6)
  2 frilled lizards
  A jackal skeleton (D:4)
  A leopard gecko skeleton (D:4)
  18 rats
414 creatures vanquished.

Vanquished Creatures (collateral kills)
  3 humans (D:14)
  2 gnoll sergeants (D:9)
  An orc (D:9)
6 creatures vanquished.

Vanquished Creatures (others)
  3 howler monkeys (D:8)
3 creatures vanquished.

Grand Total: 423 creatures vanquished

Notes
Turn   | Place    | Note
-------+----------+-------------------------------------------
     0 | D:1      | ubername the Minotaur Berserker began the quest for the
                  | Orb.
     0 | D:1      | Reached XP level 1. HP: 19/19 MP: 0/0
   137 | D:1      | Reached skill level 4 in Fighting
   137 | D:1      | Reached XP level 2. HP: 25/27 MP: 1/1
   371 | D:1      | Reached ** piety under Trog
   377 | D:1      | Reached XP level 3. HP: 29/33 MP: 2/2
   691 | D:2      | Found a faded altar of an unknown god.
   752 | D:2      | Found an opulent altar of Gozag.
   762 | D:2      | Reached XP level 4. HP: 39/41 MP: 3/3
   922 | D:2      | Found a blossoming altar of Fedhas.
   982 | D:2      | Found a shimmering blue altar of Sif Muna.
  1173 | D:2      | Found a stormy altar of Qazlal.
  1402 | D:3      | Found an ancient bone altar of Kikubaaqudgha.
  1407 | D:3      | Found a snail-covered altar of Cheibriados.
  1469 | D:3      | Reached skill level 5 in Fighting
  1469 | D:3      | Reached skill level 5 in Short Blades
  1469 | D:3      | Reached XP level 5. HP: 48/48 MP: 4/4
  1704 | D:3      | Reached *** piety under Trog
  1839 | D:4      | Found Ysche's Food Shoppe.
  1908 | D:4      | Found a shimmering altar of Xom.
  1908 | D:4      | Found a glowing silver altar of Zin.
  1908 | D:4      | Noticed an angel
  1915 | D:4      | Noticed an ogre
  1926 | D:4      | Killed an ogre
  1926 | D:4      | Reached XP level 6. HP: 33/56 MP: 5/5
  2461 | D:4      | Reached skill level 1 in Long Blades
  2491 | D:4      | Found a shattered altar of Ashenzari.
  2822 | D:4      | Reached XP level 7. HP: 50/62 MP: 6/6
  3102 | D:4      | Reached skill level 1 in Shields
  3232 | D:4      | Reached **** piety under Trog
  3419 | D:5      | Entered Level 5 of the Dungeon
  3429 | D:5      | Reached skill level 5 in Armour
  3467 | D:5      | Found an iron altar of Okawaru.
  3570 | D:5      | Noticed Blork the orc
  3586 | D:5      | Killed Blork the orc
  3586 | D:5      | Reached skill level 6 in Fighting
  3822 | D:5      | Noticed Menkaure
  3828 | D:5      | Killed Menkaure
  3828 | D:5      | Reached XP level 8. HP: 56/70 MP: 7/7
  3840 | D:5      | Noticed Prince Ribbit
  4198 | D:5      | Found a staircase to the Ecumenical Temple.
  4963 | D:6      | Reached skill level 1 in Throwing
  4976 | D:6      | Reached skill level 5 in Long Blades
  5001 | D:6      | Received a gift from Trog
  5431 | D:6      | Got a faintly glowing cloak
  5442 | D:6      | Identified the +0 cloak of the Endless Expanse {rF+ rC+
                  | Dex-4 SInv} (You found it on level 6 of the Dungeon)
  5567 | D:6      | Noticed Duvessa
  5573 | D:6      | Killed Duvessa
  5573 | D:6      | Noticed Dowan
  5583 | D:6      | Killed Dowan
  5700 | D:6      | Reached XP level 9. HP: 42/78 MP: 8/8
  5986 | D:6      | Reached skill level 7 in Fighting
  6345 | D:6      | Noticed Edmund
  6363 | D:6      | Killed Edmund
  6363 | D:6      | Reached skill level 5 in Shields
  6490 | D:5      | Killed Prince Ribbit
  6834 | D:7      | Found Yrug Nev's Food Emporium.
  6937 | D:7      | Found a large runed translucent door.
  6940 | D:7      | Found a large runed translucent door.
  6941 | D:7      | Noticed a kobold demonologist
  6942 | D:7      | Found the +7 pair of quick blades "Gyre" and "Gimble"
                  | {protect}
  6982 | D:7      | Gained mutation: You have sharp fingernails. [a neqoxec]
  6986 | D:7      | Found a large runed translucent door.
  6986 | D:7      | Found a large runed translucent door.
  6987 | D:7      | Noticed an orange demon
  6990 | D:7      | Gained mutation: You occasionally shout uncontrollably at
                  | your foes. [a neqoxec]
  6992 | D:7      | Gained mutation: You are weak. (Str -2) [a neqoxec]
  6996 | D:7      | Killed a kobold demonologist
  7711 | D:7      | Noticed a troll
  7719 | D:7      | Killed a troll
  7719 | D:7      | Reached ***** piety under Trog
  7816 | D:8      | Reached XP level 10. HP: 72/88 MP: 9/9
  7913 | D:8      | Noticed Pikel
  7929 | D:8      | Killed Pikel
  7929 | D:8      | Reached skill level 8 in Fighting
  8342 | D:8      | Identified a scroll of acquirement
  8428 | D:8      | Found a white marble altar of Elyvilon.
  8430 | D:8      | Found a shadowy altar of Dithmenos.
  9043 | D:9      | Reached skill level 1 in Stealth
  9077 | D:9      | Found a staircase to the Orcish Mines.
  9380 | D:9      | Noticed a two-headed ogre
  9389 | D:9      | Killed a two-headed ogre
  9389 | D:9      | Reached skill level 5 in Dodging
  9451 | D:9      | Reached skill level 9 in Fighting
  9558 | D:9      | Reached XP level 11. HP: 97/97 MP: 10/10
  9774 | D:10     | Entered Level 10 of the Dungeon
  9776 | D:10     | Noticed an orc knight
  9816 | D:10     | Killed an orc knight
  9818 | D:10     | Reached skill level 10 in Short Blades
  9903 | D:10     | Noticed a queen ant
  9936 | D:10     | Killed a queen ant
 10555 | D:11     | Noticed Psyche
 10564 | D:11     | Killed Psyche
 10564 | D:11     | Received a gift from Trog
 10564 | D:11     | Reached skill level 10 in Fighting
 10739 | D:11     | Found a runed translucent gate.
 10739 | D:11     | Noticed drfoil's ghost (novice FeBe)
 10741 | D:11     | Found a runed translucent gate.
 10743 | D:11     | Found a runed translucent gate.
 10752 | D:11     | Killed drfoil's ghost
 10806 | D:11     | Noticed Josephine
 10814 | D:11     | Killed Josephine
 10834 | D:11     | Reached skill level 5 in Throwing
 11191 | D:11     | Found a staircase to the Lair.
 11243 | D:11     | Reached XP level 12. HP: 108/108 MP: 11/11
 11562 | D:12     | Reached skill level 11 in Fighting
 12050 | D:12     | Reached skill level 12 in Fighting
 12406 | D:12     | Received a gift from Trog
 12989 | D:13     | Found a frozen archway.
 13017 | D:13     | Reached skill level 1 in Evocations
 13120 | IceCv    | Entered an ice cave
 13745 | IceCv    | Found an ancient bone altar of Kikubaaqudgha.
 13949 | D:14     | Noticed a centaur warrior
 13951 | D:14     | Killed a centaur warrior
 13951 | D:14     | Reached XP level 13. HP: 119/119 MP: 13/13
 13960 | D:14     | Noticed Urug
 13960 | D:14     | Noticed Rupert
 13965 | D:14     | Reached skill level 13 in Fighting
 13993 | D:14     | HP: 5/122 [Rupert/+3 battleaxe of distortion (4)]
 13993 | D:14     | Slain by a redback

Levels and vault maps discovered:
D:1:      lightli_arrival_statue_moat, layout_loops_cross, minmay_tromino_i2
D:2:      layout_basic, fedhas_altar_2,
          nicolae_gozag_cash_rules_everything_around_me, led_sif_pool,
          nicolae_qazlal_general_emergency,
          chequers_ecumenical_altar_simple_redux, first_ration, minivault_27,
          dk_noncrumbling_3
D:3:      layout_basic, lemuel_crystal_altar, lemuel_doored_altar
D:4:      minmay_chambers_of_threes, layout_basic,
          grunt_temple_overflow_order_and_chaos_1, ashenzari_altar_1,
          serial_shops, shop
D:5:      layout_cave_pools, kennysheep_okawaru_gauntlet,
          minmay_temple_entry_offerings, uniq_blork_the_orc, uniq_menkaure,
          uniq_prince_ribbit1
D:6:      lemuel_ratsnest, layout_basic, hangedman_abyss_or_decor_stagger,
          uniq_duvessa, uniq_edmund
D:7:      layout_rooms, serial_shops, shop, minmay_hollow_rounded_squares
D:8:      layout_layer_cave, chequers_temple_overflow_statue_of_worship,
          uniq_pikel
D:9:      wander_river, layout_basic, kennysheep_orc_monster_closet_entryway
D:10:     layout_basic, blue_anna_alchemist [blue_anna_fruit_fields,
          blue_anna_fruit_fields], minmay_another_anthill
D:11:     layout_cave_pods, lair_entry_dummy, ebering_ghost_rock_garden,
          uniq_psyche, uniq_josephine
D:12:     layout_basic
D:13:     layout_long_grid, serial_shops, kennysheep_mini_moat,
          portal_ice_cave_entry_ice_beasts
D:14:     layout_big_octagon, david_vaults_3, hangedman_abyss_or_decor_stabs,
          kennysheep_boxes

Skill      XL: |  1  2  3  4  5  6  7  8  9 10 11 12 13 |
---------------+----------------------------------------+-----
Fighting       | 4 5 6 7 9 10 12 13 | 13.1
Short Blades   | 4 5 6 9 10 12 | 12.5
Armour         | 3 4 5 6 7 8 |  8.3
Dodging        | 3 4 5 7 9 |  9.2
Long Blades    | 2 4 7 9 |  9.0
Shields        | 2 4 6 7 |  7.3
Throwing       | 1 2 5 |  5.0
Stealth        | 1 3 4 |  4.3
Evocations     | 1 |  1.7

Action                   |  1- 3 |  4- 6 |  7- 9 | 10-12 | 13-15 || total
-------------------------+-------+-------+-------+-------+-------++-------
Melee: Short sword       |    63 |    62 |       |       |       ||   125
       Headbutt          |    12 |    27 |    84 |   156 |     2 ||   281
       Falchion          |       |    73 |   329 |       |       ||   402
       Pair of quick bla |       |       |    38 |   671 |    25 ||   734
       Dagger            |       |       |    36 |       |       ||    36
Throw: Boomerang         |       |       |    12 |    23 |       ||    35
Invok: Berserk           |       |     3 |     5 |     7 |     1 ||    16
       Brothers in Arms  |       |       |       |     1 |     1 ||     2
Evoke: Wand              |       |       |       |     7 |       ||     7
  Use: Potion            |       |       |     7 |     4 |       ||    11
       Scroll            |       |       |    11 |     7 |       ||    18
 Stab: Sleeping          |       |       |       |     3 |       ||     3
  Eat: Chunk             |       |     9 |    10 |    18 |       ||    37
       Ration            |       |       |     3 |     3 |       ||     6
Armor: Animal skin       |     2 |       |       |       |       ||     2
       Chain mail        |    31 |    52 |   163 |       |       ||   246
       Troll leather arm |       |       |     3 |    41 |       ||    44
       Steam dragon scal |       |       |       |   105 |     4 ||   109
Dodge: Dodged            |    27 |    58 |   103 |   260 |    16 ||   464
Block: Shield            |       |    10 |   195 |       |       ||   205
       Rpst.: Falchion   |       |     7 |    26 |       |       ||    33
